 Dungeon Crawl Stone Soup version 0.28.0-49-g6dfe1f597d (webtiles) character file.

Game seed: 11809309965494900920

669 issech the Protected (level 7, -1/56 HPs)
             Began as a Gnoll Wanderer on May 18, 2022.
             Slain by a two-headed ogre
             ... wielding a +0 giant club
              (8 damage)
             ... on level 5 of the Dungeon.
             The game lasted 00:21:50 (6927 turns).

issech the Protected (Gnoll Wanderer)               Turns: 6927, Time: 00:21:51

Health: -1/56      AC: 22    Str: 15    XL:     7   Next: 58%
Magic:  10/10      EV: 16    Int: 10    God:
Gold:   225        SH:  0    Dex: 11    Spells: 11/11 levels left

rFire   . . .      SeeInvis .   B - +2 falchion (protect)
rCold   . . .      Faith    .   (no shield)
rNeg    . . .      Spirit   .   y - +1 chain mail
rPois   .          Reflect  .   (no helmet)
rElec   .          Harm     .   Q - +1 cloak of Starlight {*Dazzle EV+4 Stlth--}
rCorr   .          Rampage  .   (no gloves)
Will    +....                   (no boots)
Stlth   ..........              u - amulet of magic regeneration
HPRegen 0.18/turn               v - ring of willpower
MPRegen 0.52/turn               t - +4 ring of evasion

@: under a protective aura
A: fangs 1, strong nose, distributed training
a: no special abilities


You were on level 5 of the Dungeon.
You visited 1 branch of the dungeon, and saw 5 of its levels.
You also visited: Ossuary.

You collected 225 gold pieces.

Inventory:

Hand Weapons
 a - a +0 hand axe
 e - a +0 mace
 s - a +0 spear
 B - a +2 falchion of protection (weapon)
 D - a +0 flail
 L - a +0 lajatang
 P - a +1 halberd of pain
Missiles
 g - 29 arrows
 h - 23 bolts
 n - 177 stones (quivered)
 C - 40 sling bullets
 I - 2 atropa-tipped darts
 N - 5 curare-tipped darts
 O - 3 boomerangs
Armour
 b - a +2 scale mail
 y - a +1 chain mail (worn)
 A - a scarf of shadows
 Q - the +1 cloak of Starlight (worn) {*Dazzle EV+4 Stlth--}
   (You acquired it on level 4 of the Dungeon)

   It may blind those who miss an attack against the wearer in melee combat.
   EV:        It affects your evasion (+4).
   Stlth:     It makes you much less stealthy.
Magical Staves
 d - a staff of earth
Jewellery
 k - an amulet of magic regeneration
 t - a +4 ring of evasion (right hand)
 u - an amulet of magic regeneration (around neck)
 v - a ring of willpower (left hand)
Wands
 m - a wand of paralysis (7)
Scrolls
 c - a scroll of fog
 i - 3 scrolls of vulnerability
 o - a scroll of identify
 r - 2 scrolls of noise
 z - 2 scrolls of blinking
 E - 2 scrolls of enchant armour
 K - 4 scrolls of magic mapping
 M - 2 scrolls of teleportation
Potions
 f - a potion of ambrosia {unknown}
 j - 3 potions of might {unknown}
 l - a potion of resistance {unknown}
 p - 2 potions of heal wounds {unknown}
 q - 2 potions of berserk rage {unknown}
 w - a potion of invisibility {unknown}
 x - 2 potions of curing {unknown}
 F - 2 potions of flight {unknown}
 G - a potion of brilliance {unknown}
 H - 2 potions of degeneration {unknown}
 J - 3 potions of attraction {unknown}


   Skills:
 + Level 5.3 Fighting
 + Level 2.6 Short Blades
 + Level 2.6 Long Blades
 + Level 7.1 Axes
 + Level 2.6 Maces & Flails
 + Level 2.6 Polearms
 + Level 2.6 Staves
 + Level 2.6 Slings
 + Level 2.6 Bows
 + Level 2.6 Crossbows
 + Level 2.6 Throwing
 + Level 10.7 Armour
 + Level 2.6 Dodging
 + Level 2.6 Stealth
 + Level 2.6 Shields
 + Level 2.6 Unarmed Combat
 + Level 2.6 Spellcasting
 + Level 2.1 Conjurations
 + Level 2.1 Hexes
 + Level 2.1 Summonings
 + Level 2.1 Necromancy
 + Level 2.1 Translocations
 + Level 2.1 Transmutations
 + Level 2.1 Fire Magic
 + Level 2.1 Ice Magic
 + Level 2.1 Air Magic
 + Level 2.1 Earth Magic
 + Level 2.1 Poison Magic
 + Level 2.9 Invocations
 + Level 2.6 Evocations


You had 11 spell levels left.
You didn't know any spells.
Your spell library contained the following spells:

 Spells                   Type           Power      Damage    Failure   Level
 Animate Skeleton         Necr           10%        N/A       82%         1
 Apportation              Tloc           10%        N/A       82%         1
 Magic Dart               Conj           20%        1d4       82%         1
 Summon Small Mammal      Summ           20%        N/A       82%         1
 Searing Ray              Conj           10%        2d4       91%         2
 Fulminant Prism          Conj/Hex       2%         3d6       100%        4
 Alistair's Intoxication  Tmut/Pois      3%         N/A       100%        5
 Borgnjor's Vile Clutch   Necr/Erth      2%         N/A       100%        5
 Eringya's Noxious Bog    Tmut/Pois      2%         N/A       100%        6


Dungeon Overview and Level Annotations

Branches:
Dungeon (5/15)            Ossuary (visited)
 Temple: D:4-7

Altars:
Elyvilon

Shops:
D:4 :


Innate Abilities, Weirdness & Mutations

You have very sharp teeth.
Your uncanny sense of smell can sniff out nearby items.
Your experience applies equally to all skills.


Message History

* * * LOW HITPOINT WARNING * * *
The two-headed ogre misses you.
The two-headed ogre is no longer blind.
You see here a +0 spear.
There is a stone staircase leading up, spattered with blood here.
You climb upwards.
There is a stone staircase leading down here.
You start resting.
HP restored.
You climb downwards.
The two-headed ogre barely misses you.
The two-headed ogre hits you with a +0 giant spiked club.
The two-headed ogre hits you with a +0 giant club!
The two-headed ogre hits you but does no damage.
There is a stone staircase leading up, spattered with blood here.
You hit the two-headed ogre.
Your weapon exudes an aura of protection.
The two-headed ogre is lightly wounded.
You hit the two-headed ogre.
The two-headed ogre is lightly wounded.
The two-headed ogre hits you with a +0 giant club!
The two-headed ogre completely misses you.
You hit the two-headed ogre.
The two-headed ogre is moderately wounded.
The two-headed ogre closely misses you.
The two-headed ogre hits you but does no damage.
You barely miss the two-headed ogre.
The two-headed ogre is moderately wounded.
The two-headed ogre hits you but does no damage.
The two-headed ogre barely misses you.
You hit the two-headed ogre.
The two-headed ogre is moderately wounded.
The two-headed ogre misses you.
The two-headed ogre hits you but does no damage.
Unknown command.
You hit the two-headed ogre but do no damage.
The two-headed ogre is moderately wounded.
The two-headed ogre hits you with a +0 giant club!!
* * * LOW HITPOINT WARNING * * *
The two-headed ogre hits you with a +0 giant spiked club!
You die...

# #.#......#.####### #
#.##.#.........# .#
#######.##.#.###[###.# .#
........##.#.# #.# #.# [#
###<##.......###)###.## .#
#...................## .#
####.......###>###...#######.#.
##.##.#.# #.###.#.......(...
#[.....###@.......####.####
####.#...)O....##........
###################.### ###


You could see a two-headed ogre.

Vanquished Creatures
  An acid dragon (D:5)
  A centaur zombie (Ossuary)
  A bullfrog skeleton (D:5)
  A jelly (D:4)
  2 human zombies (Ossuary)
  Natasha (thrice) (D:3)
  An iguana (D:5)
  Terence (D:3)
  2 hound zombies (Ossuary)
  3 mummies (Ossuary)
  5 adders
  4 gnolls
  An adder zombie (Ossuary)
  An adder skeleton (D:4)
  A worm (D:2)
  6 dart slugs
  5 orcs (D:5)
  4 ball pythons
  8 endoplasms
  5 giant cockroaches
  7 goblins
  9 hobgoblins
  8 jackals (D:1)
  2 quokkas
  4 bats
  2 frilled lizards
  5 goblin zombies
  6 hobgoblin zombies (Ossuary)
  4 jackal zombies (Ossuary)
  7 kobolds
  4 kobold zombies (Ossuary)
  2 orc zombies (Ossuary)
  A quokka zombie (Ossuary)
  8 rats
  8 rat zombies (Ossuary)
133 creatures vanquished.

Notes
Turn   | Place    | Note
-------+----------+-------------------------------------------
     0 | D:1      | Reached skill level 10 in Armour
     0 | D:1      | issech the Gnoll Wanderer began the quest for the Orb.
     0 | D:1      | issech set off with the following items: a +0 hand axe, a
                  | +2 scale mail, a scroll of fog
     0 | D:1      | Reached XP level 1. HP: 20/20 MP: 1/1
   180 | D:1      | Reached XP level 2. HP: 26/26 MP: 2/2
   259 | D:1      | Reached XP level 3. HP: 31/31 MP: 3/3
   770 | D:1      | Reached skill level 1 in Invocations
   997 | D:1      | Found a faded altar of an unknown god.
   997 | D:1      | Noticed a Tzitzimitl
  1235 | D:2      | Reached skill level 1 in Short Blades
  1235 | D:2      | Reached skill level 1 in Long Blades
  1235 | D:2      | Reached skill level 1 in Maces & Flails
  1235 | D:2      | Reached skill level 1 in Polearms
  1235 | D:2      | Reached skill level 1 in Staves
  1235 | D:2      | Reached skill level 1 in Slings
  1235 | D:2      | Reached skill level 1 in Bows
  1235 | D:2      | Reached skill level 1 in Crossbows
  1235 | D:2      | Reached skill level 1 in Throwing
  1235 | D:2      | Reached skill level 1 in Dodging
  1235 | D:2      | Reached skill level 1 in Stealth
  1235 | D:2      | Reached skill level 1 in Shields
  1235 | D:2      | Reached skill level 1 in Unarmed Combat
  1235 | D:2      | Reached skill level 1 in Spellcasting
  1235 | D:2      | Reached skill level 1 in Evocations
  1558 | D:2      | Reached XP level 4. HP: 38/38 MP: 5/5
  2104 | D:3      | Noticed Natasha
  2120 | D:3      | Killed Natasha
  2121 | D:3      | Reached skill level 1 in Conjurations
  2121 | D:3      | Reached skill level 1 in Hexes
  2121 | D:3      | Reached skill level 1 in Summonings
  2121 | D:3      | Reached skill level 1 in Necromancy
  2121 | D:3      | Reached skill level 1 in Translocations
  2121 | D:3      | Reached skill level 1 in Transmutations
  2121 | D:3      | Reached skill level 1 in Fire Magic
  2121 | D:3      | Reached skill level 1 in Ice Magic
  2121 | D:3      | Reached skill level 1 in Air Magic
  2121 | D:3      | Reached skill level 1 in Earth Magic
  2121 | D:3      | Reached skill level 1 in Poison Magic
  2672 | D:3      | Noticed Terence
  2680 | D:3      | Killed Terence
  2681 | D:3      | Reached XP level 5. HP: 35/43 MP: 5/7
  2742 | D:3      | Noticed Natasha
  2756 | D:3      | Killed Natasha
  3545 | D:3      | Noticed Natasha
  3557 | D:3      | Killed Natasha
  3889 | D:4      | Found a sand-covered staircase.
  3897 | Ossuary  | Entered an ossuary
  3951 | Ossuary  | Reached XP level 6. HP: 22/50 MP: 8/8
  4256 | Ossuary  | Reached skill level 5 in Fighting
  4430 | Ossuary  | Identified 2 scrolls of acquirement
  4821 | D:4      | Reached XP level 7. HP: 48/56 MP: 10/10
  4904 | D:4      | Found Fazxayho's Book Boutique.
  5227 | D:4      | Found a white marble altar of Elyvilon.
  5413 | D:5      | Entered Level 5 of the Dungeon
  6366 | D:5      | Noticed a two-headed ogre
  6612 | D:4      | Acquired the +1 cloak of Starlight {*Dazzle EV+4 Stlth--}
  6612 | D:4      | Found the +1 cloak of Starlight {*Dazzle EV+4 Stlth--}
  6623 | D:4      | Acquired a +4 ring of evasion
  6927 | D:5      | Slain by a two-headed ogre

Illustrated notes

Levels and vault maps discovered:
D:1:      dpeg_arrival_brainrot, layout_loops_ring,
          dreamdust_ecumenical_altar_sealed_demon, roderic_serpentine_path,
          minmay_three_crescents
D:2:      minmay_wonky_spiral, layout_rooms, kennysheep_donut
D:3:      layout_basic, uniq_terence, uniq_natasha
D:4:      layout_cave_pods, nicolae_elyvilon_peaceful_grove, enter_ossuary_4,
          serial_shops, shop, minmay_misc_feat_room
D:5:      layout_loops_ring

Skill      XL: |  1  2  3  4  5  6  7 |
---------------+----------------------+-----
Armour         | | 10.7
Invocations    | 1 2 |  2.9
Short Blades   | 1 2 |  2.6
Long Blades    | 1 2 |  2.6
Maces & Flails | 1 2 |  2.6
Polearms       | 1 2 |  2.6
Staves         | 1 2 |  2.6
Slings         | 1 2 |  2.6
Bows           | 1 2 |  2.6
Crossbows      | 1 2 |  2.6
Throwing       | 1 2 |  2.6
Dodging        | 1 2 |  2.6
Stealth        | 1 2 |  2.6
Shields        | 1 2 |  2.6
Unarmed Combat | 1 2 |  2.6
Spellcasting   | 1 2 |  2.6
Evocations     | 1 2 |  2.6
Conjurations   | 1 2 |  2.1
Hexes          | 1 2 |  2.1
Summonings     | 1 2 |  2.1
Necromancy     | 1 2 |  2.1
Translocations | 1 2 |  2.1
Transmutations | 1 2 |  2.1
Fire Magic     | 1 2 |  2.1
Ice Magic      | 1 2 |  2.1
Air Magic      | 1 2 |  2.1
Earth Magic    | 1 2 |  2.1
Poison Magic   | 1 2 |  2.1
Fighting       | 5 |  5.3
Axes           | 7 |  7.1

Action                   |  1- 3 |  4- 6 |  7- 9 || total
-------------------------+-------+-------+-------++-------
Melee: Hand axe          |   132 |    91 |       ||   223
       Bite              |    12 |    35 |    10 ||    57
       Punch             |     1 |     7 |     2 ||    10
       Falchion          |       |   213 |    98 ||   311
Throw: Stone             |       |     1 |     2 ||     3
  Use: Scroll            |       |    10 |     2 ||    12
 Stab: Invisible         |       |       |     2 ||     2
Armor: Scale mail        |    67 |    22 |       ||    89
       Chain mail        |       |   187 |    82 ||   269
Dodge: Dodged            |    66 |   124 |    55 ||   245
